 Dungeon Crawl Stone Soup version 0.21-a0-442-g848f44b (webtiles) character file.

49 slep the Ducker (level 3, -8/28 HPs)
             Began as a Demonspawn Gladiator on Nov 12, 2017.
             Mangled by a worm (11 damage)
             ... on level 2 of the Dungeon on Nov 13, 2017.
             The game lasted 00:04:31 (742 turns).

slep the Ducker (Demonspawn Gladiator)               Turns: 742, Time: 00:04:32

Health: -8/28      AC:  3    Str: 14    XL:     3   Next: 51%
Magic:  3/3        EV: 12    Int:  9    God:
Gold:   74         SH:  3    Dex: 15    Spells: 2/2 levels left

rFire    . . .     SeeInvis .   a - +0 long sword
rCold    . . .     Gourm    .   m - +0 buckler
rNeg     . . .     Faith    .   b - +0 leather armour
rPois    .         Spirit   .   (helmet restricted)
rElec    .         Reflect  .   (no cloak)
rCorr    .         Harm     .   (no gloves)
MR       .....                  (no boots)
Stlth    +.........             (no amulet)
HPRegen  0.09/turn              (no ring)
MPRegen  0.08/turn              (no ring)

@: lethally poisoned (-8 -> -10)
A: horns 1
a: no special abilities


You were on level 2 of the Dungeon.
You were not hungry.

You visited 1 branch of the dungeon, and saw 2 of its levels.

You collected 74 gold pieces.

Inventory:

Hand Weapons
 a - a +0 long sword (weapon)
 j - a cursed -2 spear
 l - a +3 whip of electrocution
Missiles
 d - 3 throwing nets (quivered)
Armour
 b - a +0 leather armour (worn)
 c - a +0 helmet
 m - a +0 buckler (worn)
Scrolls
 e - a scroll of teleportation {unknown}
 i - 3 scrolls of identify {unknown}
Potions
 g - a potion of curing {unknown}
 h - a potion of haste {unknown}
 k - a potion of ambrosia {unknown}
Comestibles
 f - a bread ration


   Skills:
 + Level 2.3 Fighting
 + Level 3.2 Long Blades
 + Level 1.8 Throwing
 + Level 0.6 Armour
 + Level 3.3 Dodging


You had 2 spell levels left.
You didn't know any spells.

Dungeon Overview and Level Annotations

Branches:
Dungeon (1/15)

Altars:


Innate Abilities, Weirdness & Mutations

You have a pair of small horns on your head.


Message History

The adder barely misses you.
You riposte.
You slash the adder!
You kill the adder!
You hit the worm.
The worm is moderately wounded.
You barely miss the worm.
The worm is moderately wounded.
You feel sick. You block the worm's attack.
Your leather armour prevents you from hitting the worm.
The worm is lightly wounded.
The worm bites you! The worm bites you but does no damage.
You see here an adder corpse.
You slash the worm!
The worm is heavily wounded.
You feel sick.
You hit the worm.
The worm is severely wounded.
The worm bites you.
* * * LOW HITPOINT WARNING * * *
The worm bites you!
You die...

# #.........'.......
#.#.##..########.......
..................#####
#.#.##..#########.#
#.#.##..### #.#####
..........+ . +.(....
#.#.##..###.... #.####.
# #.w....... #.# #.
#@######## #.. #. #w..#
##. #. ..#.# . #.
...#.# #. #. ....# # ##
....## ####. ..


You could see 2 worms.

Vanquished Creatures
  2 adders (D:2)
  An ooze (D:2)
  A leopard gecko (D:1)
  A giant cockroach (D:1)
  2 goblins (D:1)
  5 hobgoblins
  2 jackals (D:2)
  3 bats
  A frilled lizard (D:1)
  5 kobolds
  4 rats
27 creatures vanquished.

Notes
Turn   | Place    | Note
-------+----------+-------------------------------------------
     0 | D:1      | slep the Demonspawn Gladiator began the quest for the Orb.
     0 | D:1      | Reached XP level 1. HP: 16/16 MP: 1/1
   209 | D:1      | Gained mutation: You have a pair of small horns on your head. [demonic ancestry]
   209 | D:1      | Reached XP level 2. HP: 16/22 MP: 2/2
   629 | D:1      | You fall through a shaft!
   657 | D:2      | Reached XP level 3. HP: 25/27 MP: 3/3
   742 | D:2      | Mangled by a worm

Vault maps used:
D:1:      dpeg_arrival_water_temple_mockup
D:2:      lemuel_coloured_pillars_altar

Skill      XL: |  1  2 |
---------------+-------+-----
Dodging        | 3 |  3.3
Long Blades    | 3 |  3.2
Fighting       | |  2.3
Throwing       | |  1.8
Armour         | |  0.6

Action                   || total
-------------------------++-------
Melee: Long sword        ||    69
       Headbutt          ||     9
Armor: Leather armour    ||    22
Dodge: Dodged            ||    41
Block: Buckler           ||     2
       Rpst.: Long sword ||    12

Table legend:
 A = Spawn XP
 B = Non-spawn XP
 C = Spawn XP percentage of total XP
 D = Spawn monster count
 E = Non-spawn monster count
 F = Spawn count percentage of total count
 G = Total turns spent on level
                    A         B        C        D         E        F      G
               +---------+---------+-------+---------+---------+-------+---------
         Total |       0 |      70 |   0.0 |       0 |      27 |   0.0 |   742
               +---------+---------+-------+---------+---------+-------+---------
           D:1 |       0 |      25 |   0.0 |       0 |      15 |   0.0 |   629
           D:2 |       0 |      45 |   0.0 |       0 |      12 |   0.0 |   113
               +---------+---------+-------+---------+---------+-------+---------
